 Dungeon Crawl Stone Soup version 0.32-a0-666-ge8a88695a4 (webtiles) character file.

Game seed: 14769026068546723084

6423 backslashecho the Nimble (level 10, -8/56 HPs)
             Began as a Deep Elf Earth Elementalist on Mar 9, 2024.
             Was a Believer of Vehumet.
             Mangled by a yak (13 damage)
             ... on level 9 of the Dungeon on Mar 10, 2024.
             The game lasted 00:28:33 (10197 turns).

backslashecho the Nimble (DEEE)                    Turns: 10197, Time: 00:28:34

Health: -8/56      AC:  6    Str: 17    XL:     10   Next: 67%
Magic:  2/25       EV: 18    Int: 25    God:    Vehumet [**....]
Gold:   536        SH:  5    Dex: 15    Spells: 11/27 levels left

rFire   . . .        a - +3 dagger (venom)
rCold   . . .        (no shield)
rNeg    . . .        u - +0 steam dragon scales
rPois   .            (no helmet)
rElec   .            e - +0 cloak
rCorr   .            (no gloves)
SInv    .            (no boots)
Will    +....        m - amulet of reflection
Stlth   ++           x - +6 ring of strength
HPRegen 0.29/turn    y - +6 ring of strength
MPRegen 0.19/turn

%: reflection
@: very slightly contaminated
A: no striking features
a: Renounce Religion


You were on level 9 of the Dungeon.
You worshipped Vehumet.
Vehumet was pleased with you.
You visited 1 branch of the dungeon, and saw 9 of its levels.
You also visited: Sewer.

You collected 536 gold pieces.

Inventory:

Hand Weapons
 a - a +3 dagger of venom (weapon)
 b - a +0 dagger of electrocution
Missiles
 f - 42 poisoned darts
Armour
 e - a +0 cloak (worn)
 u - +0 steam dragon scales (worn)
 I - a +0 troll leather armour
Jewellery
 m - an amulet of reflection (around neck)
 x - a +6 ring of strength (left hand)
 y - a +6 ring of strength (right hand)
 B - a ring of resist corrosion
 J - a ring of fire
Wands
 D - a wand of paralysis (6)
Scrolls
 g - a scroll of noise
 h - 2 scrolls of identify
 i - 2 scrolls of poison
 n - 3 scrolls of revelation
 r - a scroll of blinking {unknown}
 A - 3 scrolls of enchant armour {unknown}
 C - 2 scrolls of amnesia {unknown}
 E - 4 scrolls of fog {unknown}
 F - a scroll of immolation {unknown}
 H - a scroll of teleportation {unknown}
Potions
 c - 2 potions of lignification {unknown}
 d - 6 potions of curing
 j - 3 potions of attraction {unknown}
 k - 3 potions of might {unknown}
 l - 5 potions of heal wounds {unknown}
 o - 3 potions of cancellation {unknown}
 p - 3 potions of brilliance {unknown}
 q - a potion of haste {unknown}
 s - a potion of invisibility {unknown}
 t - a potion of berserk rage {unknown}
 v - 2 potions of magic
 z - 2 potions of degeneration {unknown}
 G - 2 potions of enlightenment {unknown}


   Skills:
 + Level 3.8 Fighting
 + Level 11.1 Dodging
 - Level 2.4 Stealth
 - Level 9.0 Spellcasting
 - Level 9.0 Conjurations
 - Level 6.0 Earth Magic
 - Level 6.0 Alchemy


You had 11 spell levels left.
You knew the following spells:

 Your Spells              Type           Power      Damage    Failure   Level
a - Sandblast             Erth           82%        2d17      1%          1
b - Passwall              Erth           41%        N/A       1%          3
c - Stone Arrow           Conj/Erth      96%        3d13      1%          3
d - Brom's Barrelling Bo  Conj/Erth      48%        2d7       2%          4
x - Irradiate             Conj/Alch      24%        3d19      7%          5

Your spell library contained the following spells:

 Spells                   Type           Power      Damage    Failure   Level
 Static Discharge         Conj/Air       66%        3-6/arc   1%          2
 Magic Dart               Conj           100%       1d8       1%          1
 Sting                    Conj/Alch      100%       1d9       1%          1
 Searing Ray              Conj           100%       2d8       1%          2
 Hailstorm                Conj/Ice       33%        3d8       2%          3
 Fulminant Prism          Conj/Alch      24%        3d12      2%          4
 Petrify                  Alch/Erth      41%        N/A       4%          4
 Apportation              Tloc           22%        N/A       5%          1
 Necrotise                Necr           44%        1d6       5%          1
 Slow                     Hex            44%        N/A       5%          1
 Summon Small Mammal      Summ           44%        N/A       5%          1
 Lesser Beckoning         Tloc           22%        N/A       9%          2
 Sublimation of Blood     Necr           11%        N/A       9%          2
 Confusing Touch          Hex            11%        N/A       16%         3
 Gell's Gravitas          Tloc           11%        N/A       16%         3
 Sigil of Binding         Hex            11%        N/A       16%         3
 Summon Ice Beast         Ice/Summ       11%        N/A       16%         3
 Teleport Other           Tloc           11%        N/A       16%         3
 Vampiric Draining        Necr           11%        2d6       16%         3
 Sculpt Simulacrum        Ice/Alch       13%        N/A       94%         6
 Dispersal                Tloc           5%         N/A       100%        6


Dungeon Overview and Level Annotations

Branches:
Dungeon (9/15)             Temple (0/1) D:6           Sewer (visited)
   Lair: D:8-11         Orc: D:9-12

Altars:
Makhleb
Vehumet
Wu Jian

Shops:
D:6 (

Annotations:
D:3 Jessica
D:5 Sigmund


Message History

You now have 21/25 mp.
Your line of fire to the yak is blocked by a boulder.
Throw: 2 darts (curare)
Press: ? - help, Q - select action, (/) - cycle Shift-Dir - straight line, f/p - yak
Aim: a yak (68% to hit)
Okay, then.
The boulder barrels into the yak!
The yak is moderately wounded.
The yak is knocked back.
Throw: 2 darts (curare)
Press: ? - help, Q - select action, (/) - cycle Shift-Dir - straight line, f/p - yak
Aim: a yak (68% to hit)
You throw a curare-tipped dart.
The curare-tipped dart closely misses the yak.
The boulder barrels into the yak!
The yak is moderately wounded.
The yak is knocked back. x2
Throw: dart (curare)
Press: ? - help, Q - select action, (/) - cycle Shift-Dir - straight line, f/p - yak
Aim: a yak (sparse dust, 68% to hit)
You throw a curare-tipped dart. The curare-tipped dart hits the yak.
The yak is poisoned.
The yak struggles to breathe.
The yak seems to slow down.
The yak is lightly wounded.
Casting: Brom's Barrelling Boulder (dangerous; 2% risk of failure)
Confirm with . or Enter, or press ? or * to list all spells.
Aiming: Stone Arrow (safe; 1% risk of failure)
Press: ? - help, Shift-Dir - straight line, f/p - yak
Aim: a yak (sparse dust, moderately wounded, very poisoned, slow, 85% to hit)
The stone arrow hits the yak!!
The yak is severely wounded.
Your boulder crumbles as it rolls away.
You now have 19/25 mp.
Casting: Stone Arrow (safe; 1% risk of failure)
Confirm with . or Enter, or press ? or * to list all spells.
Aiming: Stone Arrow (safe; 1% risk of failure)
Press: ? - help, Shift-Dir - straight line, f/p - yak
Aim: a yak (severely wounded, very poisoned, slow, 85% to hit)
The stone arrow hits the yak!!!
You kill the yak!
Vehumet accepts your kill.
Your Dodging skill increases to level 11!
You now have 16/25 mp.
You hit the yak.
The yak is poisoned.
The yak is lightly wounded.
Casting: Stone Arrow (safe; 1% risk of failure)
Confirm with . or Enter, or press ? or * to list all spells.
Aiming: Stone Arrow (safe; 1% risk of failure)
Press: ? - help, Shift-Dir - straight line, f - yak
Aim: a yak (moderately wounded, 85% to hit)
The stone arrow hits the yak!!
The yak is severely wounded.
The yak gores you!
You take 8 damage, and have 48/56 hp.
You now have 13/25 mp.
Casting: Stone Arrow (safe; 1% risk of failure)
Confirm with . or Enter, or press ? or * to list all spells.
Aiming: Brom's Barrelling Boulder (dangerous; 2% risk of failure)
Press: ? - help, Dir - move target, f - yak, p - yak
Aim: a yak (100% to hit)
You miscast Brom's Barrelling Boulder.
You are very lightly contaminated with residual magic.
Nothing appears to happen.
You block the yak's attack. The yak barely misses you.
You now have 9/25 mp.
The yak gores you!
You take 9 damage, and have 39/56 hp.
The yak gores you!
You take 9 damage, and have 30/56 hp.
The yak attacks as it pursues you! The yak gores you!
There is an open door, spattered with blood here.
You take 12 damage, and have 18/56 hp.
MASSIVE DAMAGE!!
Casting: Brom's Barrelling Boulder (dangerous; 2% risk of failure)
Confirm with . or Enter, or press ? or * to list all spells.
Aiming: Stone Arrow (safe; 1% risk of failure)
Press: ? - help, Shift-Dir - straight line, f/p - yak
Aim: a yak (85% to hit)
The stone arrow misses the yak.
The stone arrow hits the yak!!
The yak is almost dead.
You now have 7/25 mp.
Casting: Stone Arrow (safe; 1% risk of failure)
Confirm with . or Enter, or press ? or * to list all spells.
Aiming: Stone Arrow (safe; 1% risk of failure)
Press: ? - help, Shift-Dir - straight line, f - yak, p - yak
Aim: a yak (severely wounded, 85% to hit)
The stone arrow hits the yak!
You kill the yak!
Vehumet accepts your kill. The yak misses you.
You now have 5/25 mp.
Casting: Stone Arrow (safe; 1% risk of failure)
Confirm with . or Enter, or press ? or * to list all spells.
Aiming: Stone Arrow (safe; 1% risk of failure)
Press: ? - help, Shift-Dir - straight line, f/p - yak
Aim: a yak (severely wounded, 85% to hit)
The stone arrow hits the yak!
The yak is almost dead.
The yak gores you!
* * * LOW HITPOINT WARNING * * *
The yak gores you!
You die...

#.....Y...YY○...
#######.(.##.°○○○....
##....###'###.......Y.
#.^........##...##.##.
#..........###### #
#...........# #...........#
########..##Y####
####...####..##Y@.##
...#......#........#
...#......#........#
...#......#........#
########.##.##....########
.###..##.##.####+#..#....##
.#.....#.....#............#
.#.....#..[÷.#......).....#
.#.....#.....#............#


You could see 2 yaks.

Vanquished Creatures
  A two-headed ogre (D:8)
  Psyche (D:8)
  A troll (D:9)
  2 wyverns
  10 yaks
  2 steam dragons (D:9)
  2 water moccasins (D:7)
  2 ice beasts
  An orc warrior (D:9)
  A sky beast (D:6)
  A black bear (D:6)
  4 centaurs
  2 ogres
  3 kobold brigands
  A phantom (D:5)
  2 bullfrogs
  5 scorpions
  A wight (D:7)
  11 killer bees (D:7)
  2 howler monkeys
  2 bombardier beetles
  6 hounds
  A jelly (D:6)
  5 orc priests
  5 iguanas
  6 orc wizards
  10 adders
  4 gnolls (D:5)
  2 river rats (D:3)
  A white imp (D:7)
  2 ufetubi (D:6)
  2 dart slugs
  3 ribbon worms
  23 orcs
  16 ball pythons
  2 bats
  7 endoplasms
  5 giant cockroaches
  3 hobgoblins
  4 quokkas
  6 frilled lizards
  10 goblins
  22 kobolds
  6 rats
208 creatures vanquished.

Vanquished Creatures (others)
  A kobold (D:8)
1 creature vanquished.

Grand Total: 209 creatures vanquished

Notes
Turn   | Place    | Note
-------+----------+-------------------------------------------
     0 | D:1      | backslashecho the Deep Elf Earth Elementalist began the
                  | quest for the Orb.
     0 | D:1      | Reached XP level 1. HP: 10/10 MP: 6/6
   375 | D:1      | Reached XP level 2. HP: 7/15 MP: 6/8
  1124 | D:2      | Reached XP level 3. HP: 19/19 MP: 6/9
  1130 | D:2      | Reached skill level 3 in Dodging
  1472 | D:2      | Found a faded altar of an unknown god.
  1539 | D:2      | Reached XP level 4. HP: 24/24 MP: 8/11
  1578 | D:2      | Learned a level 3 spell: Passwall
  1582 | D:2      | Learned a level 3 spell: Stone Arrow
  1981 | D:3      | Noticed Jessica
  2207 | D:3      | Found a glowing drain.
  2263 | Sewer    | Entered a sewer
  2617 | Sewer    | Noticed a kobold brigand
  2628 | Sewer    | Killed a kobold brigand
  2629 | Sewer    | Reached XP level 5. HP: 13/28 MP: 4/13
  3087 | D:3      | Reached skill level 4 in Dodging
  3515 | D:3      | Reached XP level 6. HP: 32/32 MP: 11/14
  3595 | D:3      | Found a burning altar of Makhleb.
  4072 | D:4      | Found a radiant altar of Vehumet.
  4289 | D:5      | Entered Level 5 of the Dungeon
  4292 | D:5      | Noticed an ice beast
  4319 | D:5      | Killed an ice beast
  4457 | D:5      | Reached skill level 5 in Spellcasting
  4658 | D:5      | Reached skill level 5 in Conjurations
  4727 | D:5      | Reached XP level 7. HP: 32/36 MP: 7/16
  4956 | D:5      | Reached skill level 5 in Earth Magic
  4958 | D:5      | Reached skill level 5 in Dodging
  5029 | D:4      | Became a worshipper of Vehumet
  5065 | D:5      | Noticed Sigmund
  5763 | D:6      | Reached XP level 8. HP: 41/41 MP: 16/19
  5983 | D:6      | Reached skill level 6 in Dodging
  6007 | D:6      | Learned a level 4 spell: Brom's Barrelling Boulder
  6362 | D:6      | Reached * piety under Vehumet
  6362 | D:6      | Offered knowledge of Kiss of Death by Vehumet.
  6437 | D:6      | Found a staircase to the Ecumenical Temple.
  6481 | D:6      | Found Piuts's Weapon Emporium.
  6814 | D:7      | Reached skill level 7 in Dodging
  6955 | D:7      | Identified the +7 great mace of the Fool {flame, rC++}
  6966 | D:7      | Reached XP level 9. HP: 45/45 MP: 13/22
  6972 | D:7      | Learned a level 5 spell: Irradiate
  7031 | D:7      | Reached skill level 1 in Alchemy
  7594 | D:7      | Reached skill level 8 in Dodging
  7997 | D:8      | Noticed a two-headed ogre
  8015 | D:8      | Killed a two-headed ogre
  8016 | D:8      | Reached skill level 9 in Dodging
  8016 | D:8      | Reached skill level 9 in Conjurations
  8016 | D:8      | Reached skill level 5 in Alchemy
  8171 | D:8      | Offered knowledge of Static Discharge by Vehumet.
  8172 | D:8      | Reached XP level 10. HP: 51/51 MP: 2/24
  8322 | D:8      | Reached skill level 1 in Fighting
  8415 | D:8      | Reached ** piety under Vehumet
  8728 | D:8      | Noticed Psyche
  8739 | D:8      | Killed Psyche
  9031 | D:8      | Reached skill level 10 in Dodging
  9259 | D:9      | Found an ornate altar of the Wu Jian Council.
  9469 | D:9      | Reached skill level 9 in Spellcasting
 10187 | D:9      | Reached skill level 11 in Dodging
 10197 | D:9      | Mangled by a yak

Illustrated notes

Levels and vault maps discovered:
D:1:      dpeg_arrival_lava_altar, layout_loops_ring
D:2:      minmay_razor_zed, layout_basic, ebering_ecumenical_altar_sacrificial,
          grunt_decor_cap
D:3:      minmay_evil_eye, layout_basic, mainiacjoe_overflow_brackets,
          portal_sewer_entry_b, uniq_jessica
D:4:      layout_loops_corners, nicolae_overflow_hidden_temple
D:5:      layout_layer_cave, uniq_sigmund
D:6:      layout_cave_pools, minmay_temple_entry_drinking_statues,
          nicolae_wooded_promenade, minmay_misc_feat_tower,
          hangedman_abyss_or_decor_stagger, chequers_serial_rivers_micro_b,
          solitary_fountain, minmay_misc_feat_plants
D:7:      layout_basic, minmay_checkerbox
D:8:      layout_loops_cross, uniq_psyche
D:9:      layout_gridville, kennysheep_mini_moat, minmay_misc_feat_nine_boxes

Skill      XL: |  1  2  3  4  5  6  7  8  9 10 |
---------------+-------------------------------+-----
Conjurations   | 2 3 4 5 6 7 9 |  9.0
Dodging        | 3 4 5 7 9 11 | 11.1
Spellcasting   | 4 5 6 7 8 9 |  9.0
Earth Magic    | 4 5 6 |  6.0
Alchemy        | 5 6 |  6.0
Fighting       | 3 |  3.8
Stealth        | |  2.4

Action                     |  1- 3 |  4- 6 |  7- 9 | 10-12 || total
---------------------------+-------+-------+-------+-------++-------
  Melee: Unarmed           |     7 |     2 |       |       ||     9
         Dagger            |       |     3 |    17 |     7 ||    27
  Throw: Dart              |       |       |     3 |     3 ||     6
   Cast: Sandblast         |    45 |    93 |    95 |    14 ||   247
         Stone Arrow       |       |     3 |    30 |    35 ||    68
         Brom's Barrelling |       |       |    18 |    19 ||    37
    Use: Scroll            |       |       |     6 |       ||     6
         Potion            |       |       |     1 |       ||     1
   Stab: Sleeping          |       |     1 |     1 |       ||     2
 Armour: Robe              |     9 |    26 |    37 |     8 ||    80
         Steam dragon scal |       |       |       |    15 ||    15
         Troll leather arm |       |       |       |     5 ||     5
  Dodge: Dodged            |    15 |    39 |    57 |    25 ||   136
  Block: Other             |       |       |    12 |     6 ||    18
         Reflection        |       |       |     4 |       ||     4

Table legend: (Time is in decaauts)
 A = Elapsed time spent in this place.
 B = Non-inter-level travel time spent in this place.
 C = Inter-level travel time spent in this place.
 D = Time resting spent in this place.
 E = Time spent auto-exploring this place.
 F = Levels seen in this place.
 G = Mean time per level.
                   A        B        C        D        E       F      G
               +--------+--------+--------+--------+--------+-----+--------+
         Total |  10361 |   9382 |    979 |    642 |   7203 |  10 | 1036.1 |
       Dungeon |   9794 |   8815 |    979 |    531 |   6880 |   9 | 1088.2 |
         Sewer |    567 |    567 |      0 |    111 |    322 |   1 |  567.0 |
               +--------+--------+--------+--------+--------+-----+--------+

Top non-repeatable levels by time:
     D:8: 1426 daAuts
     D:2: 1229 daAuts
     D:7: 1220 daAuts
     D:3: 1195 daAuts
     D:6: 1076 daAuts
     D:4: 981 daAuts
     D:5: 945 daAuts
     D:1: 941 daAuts
     D:9: 777 daAuts
   Sewer: 567 daAuts
